 Dungeon Crawl Stone Soup version 0.32-a0-814-g0968bab981 (webtiles) character file.

Game seed: 2391342960777229738

65 hikkokomori the Shooter (level 4, -11/28 HPs)
             Began as a Tengu Hunter on Mar 22, 2024.
             Mangled by Ijyb
             ... wielding a +2 dagger of electrocution
              (19 damage)
             ... on level 3 of the Dungeon.
             The game lasted 00:03:27 (1570 turns).

hikkokomori the Shooter (Tengu Hunter)              Turns: 1570, Time: 00:03:28

Health: -11/28     AC:  3    Str: 11    XL:     4   Next: 14%
Magic:  5/5        EV: 11    Int: 16    God:
Gold:   15         SH:  0    Dex: 19    Spells: 0/3 levels left

rFire   . . .        a - +0 shortbow
rCold   . . .        (shield currently unavailable)
rNeg    . . .        c - +0 leather armour
rPois   .            (helmet restricted)
rElec   .            (no cloak)
rCorr   .            (no gloves)
SInv    .            (boots unavailable)
Will    .....        m - amulet of magic regeneration
Stlth   ++           g - +6 ring of intelligence
HPRegen 0.24/turn    (no ring)
MPRegen 0.49/turn

%: acrobat
@: no status effects
A: beak, talons 3, acrobatic
a: no special abilities


You were on level 3 of the Dungeon.
You visited 1 branch of the dungeon, and saw 3 of its levels.

You collected 100 gold pieces.
You spent 85 gold pieces at shops.

Inventory:

Hand Weapons
 a - a +0 shortbow (weapon)
Armour
 c - a +0 leather armour (worn)
Jewellery
 g - a +6 ring of intelligence (left hand)
 m - an amulet of magic regeneration (around neck)
Scrolls
 b - a scroll of butterflies
 d - 4 scrolls of identify {unknown}
 e - 2 scrolls of amnesia {unknown}
 h - a scroll of torment {unknown}
 i - a scroll of enchant weapon {unknown}
Potions
 f - 2 potions of curing {unknown}
 j - 2 potions of mutation {unknown}
 k - a potion of berserk rage {unknown}
 l - a potion of degeneration {unknown}


   Skills:
 + Level 3.0 Fighting
 + Level 5.0 Ranged Weapons
 - Level 2.1 Dodging
 + Level 2.3 Stealth


You couldn't memorise any spells.
You knew the following spells:

 Your Spells              Type           Power      Damage    Failure   Level
a - Tukima's Dance        Hex            0%         N/A       69%         3

Your spell library contained the following spells:

 Spells                   Type           Power      Damage    Failure   Level
 Dimensional Bullseye     Hex/Tloc       0%         N/A       97%         4
 Iskenderun's Mystic Bla  Conj/Tloc      0%         2d3       97%         4


Dungeon Overview and Level Annotations

Branches:
Dungeon (3/15)

Altars:

Shops:
D:3 *

Annotations:
D:3 Ijyb


Innate Abilities, Weirdness & Mutations

You have a beak for a mouth.
You have claws for feet.
You can magically evade attacks while moving or waiting.


Message History

Ijyb is moderately wounded.
Ijyb closely misses you.
Ijyb zaps a wand.
You barely resist. You shoot an arrow. The arrow hits Ijyb but does no damage.
Ijyb is moderately wounded.
Ijyb hits you with a +2 dagger of electrocution.
You shoot an arrow. The arrow closely misses Ijyb.
Ijyb hits you with a +2 dagger of electrocution!
You are too injured to fight recklessly!
You are too injured to fight recklessly!
You are too injured to fight recklessly!
You are too injured to fight recklessly!
You are too injured to fight recklessly!
You are too injured to fight recklessly!
You are too injured to fight recklessly!
You are too injured to fight recklessly!
You are too injured to fight recklessly!
You are too injured to fight recklessly!
You shoot an arrow. The arrow hits Ijyb but does no damage.
Ijyb is moderately wounded.
Ijyb barely misses you.
You shoot an arrow. The arrow closely misses Ijyb.
Ijyb zaps a wand.
Your mind is blasted!
You shoot an arrow. The arrow hits Ijyb.
Ijyb is moderately wounded.
Ijyb hits you with a +2 dagger of electrocution.
Unknown command.
You shoot an arrow. The arrow hits Ijyb.
Ijyb is heavily wounded.
Ijyb zaps a wand.
You barely resist. Ijyb misses you.
You shoot an arrow. The arrow closely misses Ijyb.
Ijyb barely misses you.
You shoot an arrow. The arrow hits Ijyb.
Ijyb is severely wounded.
Ijyb hits you with a +2 dagger of electrocution.
* * * LOW HITPOINT WARNING * * *
You shoot an arrow. The arrow hits Ijyb but does no damage.
Ijyb is severely wounded.
Ijyb hits you but does no damage.
You are electrocuted!!
Ouch! That really hurt!
You die...
Ijyb screams, "Time for next experiment!"

#......# #.#.#.#.#
#∩.....# ....#...##
........# .....#....#
#......###.#.#######.#
#.#................).#
..##.#.###.##.###.#######
### .#.# #. #........ .#
# #.##.###.#######
.......@.# ......g†##
.######.# #.# >.. ...
.... .....


You could see Ijyb.

Vanquished Creatures
  2 adders (D:2)
  A ribbon worm (D:2)
  2 dart slugs (D:1)
  5 bats
  6 endoplasms
  A giant cockroach (D:2)
  6 goblins
  A hobgoblin (D:1)
  3 jackals (D:1)
  A quokka (D:1)
  2 ball pythons (D:2)
  2 frilled lizards
  5 kobolds
  3 rats
40 creatures vanquished.

Notes
Turn   | Place    | Note
-------+----------+-------------------------------------------
     0 | D:1      | hikkokomori the Tengu Hunter began the quest for the Orb.
     0 | D:1      | Reached XP level 1. HP: 12/12 MP: 2/2
   137 | D:1      | Reached XP level 2. HP: 17/17 MP: 3/3
   437 | D:1      | Found a faded altar of an unknown god.
   775 | D:2      | Reached XP level 3. HP: 22/22 MP: 4/4
  1369 | D:2      | Reached skill level 5 in Ranged Weapons
  1369 | D:2      | Reached XP level 4. HP: 27/27 MP: 5/5
  1495 | D:3      | Found Qivvutit's Assorted Antiques.
  1501 | D:3      | Bought a small cabochon amulet for 85 gold pieces
  1525 | D:3      | Learned a level 3 spell: Tukima's Dance
  1554 | D:3      | Noticed Ijyb
  1570 | D:3      | Mangled by Ijyb

Illustrated notes

Levels and vault maps discovered:
D:1:      minmay_arrival_loop, layout_loops_ring,
          chequers_ecumenical_altar_simple_redux, serial_bayou_pond_a
D:2:      layout_loops_cross, minmay_diced_spiral
D:3:      minmay_wonky_spiral, layout_loops_cross,
          mainiacjoe_overflow_cross_hatched, grunt_temple_overflow_open,
          serial_shops, shop, minmay_snake_closets, uniq_ijyb,
          uniq_crazy_yiuf_cottage, uniq_jessica, uniq_sigmund

Skill      XL: |  1  2  3  4 |
---------------+-------------+-----
Stealth        | 2 |  2.3
Ranged Weapons | 5 |  5.0
Fighting       | 3 |  3.0
Dodging        | |  2.1

Action                     |  1- 3 |  4- 6 || total
---------------------------+-------+-------++-------
   Fire: Shortbow          |    96 |    29 ||   125
 Armour: Leather armour    |    29 |     7 ||    36
  Dodge: Dodged            |    33 |     5 ||    38

Table legend: (Time is in decaauts)
 A = Elapsed time spent in this place.
 B = Non-inter-level travel time spent in this place.
 C = Inter-level travel time spent in this place.
 D = Time resting spent in this place.
 E = Time spent auto-exploring this place.
 F = Levels seen in this place.
 G = Mean time per level.
                   A        B        C        D        E       F      G
               +--------+--------+--------+--------+--------+-----+--------+
         Total |   1595 |   1518 |     77 |      0 |   1270 |   3 |  531.7 |
       Dungeon |   1595 |   1518 |     77 |      0 |   1270 |   3 |  531.7 |
               +--------+--------+--------+--------+--------+-----+--------+

Top non-repeatable levels by time:
     D:2: 795 daAuts
     D:1: 720 daAuts
     D:3: 79 daAuts
